 Dungeon Crawl Stone Soup version 0.29.0-4-gdea44cf6ec (webtiles) character file.

Game seed: 15807564561194243112

395 qw the Chopper (level 6, -3/37 HPs)
             Began as a Tengu Warper on Aug 28, 2022.
             Slain by a black bear (5 damage)
             ... on level 4 of the Dungeon.
             The game lasted 00:00:23 (3953 turns).

qw the Chopper (Tengu Warper)                       Turns: 3953, Time: 00:00:24

Health: -3/37      AC: 15    Str: 14    XL:     6   Next: 82%
Magic:  10/10      EV:  7    Int: 13    God:
Gold:   155        SH:  0    Dex: 13    Spells: 9/9 levels left

rFire   . . .      SeeInvis .   Y - +0 hand axe (protect)
rCold   . . .      Faith    .   (no shield)
rNeg    . . .      Spirit   .   d - +0 chain mail
rPois   .          Reflect  .   (helmet restricted)
rElec   .          Harm     .   (no cloak)
rCorr   .          Rampage  .   (no gloves)
Will    .....                   (boots unavailable)
Stlth   ..........              (no amulet)
HPRegen 0.12/turn               (no ring)
MPRegen 0.12/turn               (no ring)

@: under a protective aura, flying quickly and evasively, quick
A: beak, talons 3, nimble flight
a: no special abilities


You were on level 4 of the Dungeon.
You visited 1 branch of the dungeon, and saw 4 of its levels.

You collected 155 gold pieces.


Innate Abilities, Weirdness & Mutations

You have a beak for a mouth.
You have claws for feet.
Your magical nature lets you fly swiftly and evasively.


   Skills:
 - Level 3.1 Fighting
 + Level 7.0 Axes
 - Level 1.0 Throwing
 - Level 2.0 Armour
 - Level 2.1 Dodging
 - Level 2.0 Spellcasting
 - Level 2.4 Translocations


You had 9 spell levels left.
You didn't know any spells.
Your spell library contained the following spells:

 Spells                   Type           Power      Damage    Failure   Level
 Blink                    Tloc           14%        N/A       98%         2
 Gell's Gravitas          Tloc           7%         N/A       100%        3
 Lesser Beckoning         Tloc           7%         N/A       100%        3
 Teleport Other           Tloc           7%         N/A       100%        3
 Manifold Assault         Tloc           7%         N/A       100%        5

Inventory:

Hand Weapons
 c - a +0 flail
 Y - a +0 hand axe of protection (weapon)
Missiles
 h - 3 boomerangs (quivered)
Armour
 d - a +0 chain mail (worn)
Scrolls
 e - a scroll of identify
Potions
 a - a potion of haste
 b - 2 potions of curing
 f - a potion of lignification {unknown}
 g - a potion of cancellation {unknown}
 l - a potion of might {unknown}

Dungeon Overview and Level Annotations

Branches:
Dungeon (4/15)
 Temple: D:4-7

Altars:

Shops:
D:2 =


Message History

You completely miss the ogre. Your kick misses the ogre.
The ogre is heavily wounded.
You slash the ogre! You claw the ogre.
You kill the ogre!
Your Fighting skill increases to level 3!
You hit the black bear but do no damage.
You claw the black bear!
The black bear is moderately wounded.
The black bear bites you.
The black bear claws you but does no damage.
The black bear barely misses you.
You hit the black bear.
The black bear is moderately wounded.
The black bear closely misses you.
The black bear claws you but does no damage. x2
You hit the black bear.
You peck the black bear, but do no damage.
The black bear is heavily wounded.
You hit the black bear.
The black bear is severely wounded.
The black bear goes berserk!
You barely miss the black bear.
The black bear is severely wounded.
The black bear barely misses you. The black bear claws you.
The black bear claws you but does no damage.
The black bear bites you but does no damage.
The black bear claws you.
The black bear claws you but does no damage.
You hit the black bear but do no damage.
You claw the black bear. You peck the black bear.
The black bear is almost dead.
The black bear bites you! The black bear claws you.
The black bear barely misses you.
You hit the black bear but do no damage.
You claw the black bear.
The black bear is almost dead.
The black bear bites you. The black bear barely misses you.
The black bear claws you. The black bear closely misses you.
The black bear claws you.
You die...

#.......)<...#
+............#
#............# #
#######'##...# .#
#^......##...# ..#
.........'...+ ...#
.........#...# ....#
.........#...#.....#
#.....>.##..@'.....#
#.......##..h#.....#
........##...# ....#
..).<...##...# ...#
....... ....# ..#
.....# .# .##...+ #
.. #...#


You could see a black bear (berserk).

Vanquished Creatures
  Sigmund (D:3)
  An ogre (D:4)
  An orc wizard (D:3)
  Natasha (D:2)
  Robin (D:3)
  An adder (D:2)
  2 worms
  2 dart slugs
  4 orcs (D:3)
  8 ball pythons
  3 bats
  7 endoplasms
  5 giant cockroaches
  12 goblins
  5 hobgoblins
  4 jackals (D:3)
  4 kobolds
  A quokka (D:1)
  4 frilled lizards
  10 rats
77 creatures vanquished.

Vanquished Creatures (others)
  A fungus (D:1)
1 creature vanquished.

Grand Total: 78 creatures vanquished

Notes
Turn   | Place    | Note
-------+----------+-------------------------------------------
     0 | D:1      | qw the Tengu Warper began the quest for the Orb.
     0 | D:1      | Reached XP level 1. HP: 12/12 MP: 4/4
     0 | D:1      | 0 ||| qw: Version: 0.1-a-89-g26bdef1
     0 | D:1      | 0 ||| qw: Game counter: 436
     0 | D:1      | 0 ||| qw: Always use a shield: true
     0 | D:1      | 0 ||| qw: God list: Okawaru
     0 | D:1      | 0 ||| qw: Allow faded altars: false
     0 | D:1      | 0 ||| qw: Do Orc after D:15 true
     0 | D:1      | 0 ||| qw: Do second Lair branch before Depths: true
     0 | D:1      | 0 ||| qw: Lair rune preference: random
     0 | D:1      | 0 ||| qw: Plans: Normal
     0 | D:1      | 0 ||| PLANNING D:1-11
   238 | D:1      | Reached XP level 2. HP: 17/17 MP: 6/6
   249 | D:1      | Reached skill level 3 in Axes
   329 | D:1      | 329 ||| Stepping ~*~*~tactically~*~*~ (stealth).
   364 | D:1      | 364 ||| Stepping ~*~*~tactically~*~*~ (stealth).
   365 | D:1      | 365 ||| Stepping ~*~*~tactically~*~*~ (stealth).
   466 | D:1      | 466 ||| Stepping ~*~*~tactically~*~*~ (stealth).
   476 | D:1      | 476 ||| Stepping ~*~*~tactically~*~*~ (stealth).
   642 | D:1      | Found a faded altar of an unknown god.
   643 | D:1      | 643 ||| DROPPING +0 club.
   936 | D:1      | 936 ||| UPGRADING to +0 scale mail.
   946 | D:1      | 946 ||| DROPPING +0 leather armour.
   947 | D:1      | 947 ||| READING 2 scrolls labelled QIC PO PIS.
   948 | D:1      | 948 ||| READING scroll of brand weapon.
   948 | D:1      | 948 ||| BRANDING +0 hand axe of venom.
   949 | D:1      | 949 ||| READING scroll labelled JIFFOEW GIRA.
   950 | D:1      | 950 ||| READING scroll labelled MOFAGI HICADI.
   951 | D:1      | 951 ||| READING scroll labelled XAALO LUKI.
   955 | D:1      | 955 ||| DRINKING 2 lumpy cyan potions.
   956 | D:1      | 956 ||| DROPPING scroll of blinking.
   957 | D:1      | 957 ||| DROPPING potion of flight.
   971 | D:2      | Found Coriymene's Jewellery Shoppe.
   979 | D:2      | 979 ||| SHOPLISTING amulet of guardian spirit (330 gold,
                  | have 31).
   979 | D:2      | 979 ||| SHOPLISTING amulet of reflection (330 gold, have
                  | 31).
   979 | D:2      | 979 ||| SHOPLISTING ring "Osuaruw" {Int+3 Dex+3 SInv} (380
                  | gold, have 31).
   979 | D:2      | 979 ||| SHOPLISTING ring of poison resistance (220 gold,
                  | have 31).
   979 | D:2      | 979 ||| SHOPLISTING ring of positive energy (220 gold, have
                  | 31).
   979 | D:2      | 979 ||| SHOPLISTING ring of resist corrosion (220 gold,
                  | have 31).
   979 | D:2      | 979 ||| SHOPLISTING ring of willpower (275 gold, have 31).
  1026 | D:2      | Reached XP level 3. HP: 21/21 MP: 7/7
  1125 | D:2      | Reached skill level 4 in Axes
  1171 | D:2      | 1171 ||| FLEEEEING.
  1172 | D:2      | 1172 ||| FLEEEEING.
  1173 | D:2      | 1173 ||| FLEEEEING.
  1174 | D:2      | 1174 ||| FLEEEEING.
  1175 | D:2      | 1175 ||| FLEEEEING.
  1176 | D:2      | 1176 ||| FLEEEEING.
  1177 | D:2      | 1177 ||| FLEEEEING.
  1178 | D:2      | 1178 ||| FLEEEEING.
  1179 | D:2      | 1179 ||| FLEEEEING.
  1180 | D:2      | 1180 ||| FLEEEEING.
  1181 | D:2      | 1181 ||| STAIRDANCE
  1261 | D:2      | 1261 ||| STAIRDANCE
  1799 | D:2      | Noticed Natasha
  1802 | D:2      | Killed Natasha
  1803 | D:2      | Reached XP level 4. HP: 22/26 MP: 8/8
  2152 | D:3      | 2152 ||| Stepping ~*~*~tactically~*~*~ (hiding).
  2160 | D:3      | Reached skill level 5 in Axes
  2160 | D:3      | 2160 ||| FLEEEEING.
  2206 | D:3      | Noticed Sigmund
  2207 | D:3      | 2207 ||| FLEEEEING.
  2208 | D:3      | 2208 ||| FLEEEEING.
  2209 | D:3      | 2209 ||| FLEEEEING.
  2210 | D:3      | 2210 ||| STAIRDANCE
  2409 | D:3      | 2409 ||| STAIRDANCE
  2457 | D:3      | 2457 ||| STAIRDANCE
  2556 | D:3      | 2556 ||| STAIRDANCE
  2617 | D:3      | 2617 ||| STAIRDANCE
  2679 | D:3      | 2679 ||| STAIRDANCE
  2681 | D:3      | 2681 ||| STAIRDANCE
  2723 | D:3      | Killed Sigmund
  2724 | D:3      | Reached skill level 6 in Axes
  2724 | D:3      | Gained mutation: Your magical nature lets you fly swiftly
                  | and evasively. [Tengu growth]
  2724 | D:3      | Reached XP level 5. HP: 14/30 MP: 9/9
  2724 | D:3      | Reached XP level 6. HP: 17/35 MP: 10/10
  2945 | D:3      | 2945 ||| DROPPING +0 mace.
  3111 | D:3      | 3111 ||| Stepping ~*~*~tactically~*~*~ (stealth).
  3148 | D:3      | 3148 ||| FLEEEEING.
  3149 | D:3      | 3149 ||| FLEEEEING.
  3150 | D:3      | 3150 ||| FLEEEEING.
  3151 | D:3      | 3151 ||| FLEEEEING.
  3152 | D:3      | 3152 ||| FLEEEEING.
  3153 | D:3      | 3153 ||| FLEEEEING.
  3154 | D:3      | 3154 ||| FLEEEEING.
  3155 | D:3      | 3155 ||| FLEEEEING.
  3157 | D:3      | 3157 ||| FLEEEEING.
  3158 | D:3      | 3158 ||| FLEEEEING.
  3159 | D:3      | 3159 ||| FLEEEEING.
  3160 | D:3      | 3160 ||| FLEEEEING.
  3174 | D:3      | 3174 ||| FLEEEEING.
  3175 | D:3      | 3175 ||| FLEEEEING.
  3176 | D:3      | 3176 ||| FLEEEEING.
  3177 | D:3      | 3177 ||| FLEEEEING.
  3178 | D:3      | 3178 ||| FLEEEEING.
  3179 | D:3      | 3179 ||| FLEEEEING.
  3180 | D:3      | 3180 ||| FLEEEEING.
  3181 | D:3      | 3181 ||| FLEEEEING.
  3182 | D:3      | 3182 ||| STAIRDANCE
  3316 | D:2      | 3316 ||| UPGRADING to +0 chain mail.
  3326 | D:2      | 3326 ||| DROPPING +0 scale mail.
  3327 | D:2      | 3327 ||| READING scroll labelled CAKHARHYFA.
  3328 | D:2      | 3328 ||| DRINKING 3 silvery potions.
  3481 | D:3      | 3481 ||| Stepping ~*~*~tactically~*~*~ (stealth).
  3731 | D:3      | 3731 ||| READING scroll labelled GIW XULUGUM.
  3732 | D:3      | 3732 ||| DRINKING 2 lumpy emerald potions.
  3733 | D:3      | 3733 ||| READING 2 scrolls of identify.
  3733 | D:3      | 3733 ||| IDENTIFYING lumpy yellow potion
  3734 | D:3      | 3734 ||| DROPPING potion of attraction.
  3747 | D:4      | Noticed Robin
  3748 | D:4      | 3748 ||| STAIRDANCE
  3753 | D:4      | 3753 ||| STAIRDANCE
  3843 | D:4      | 3843 ||| STAIRDANCE
  3849 | D:3      | Killed Robin
  3881 | D:4      | 3881 ||| STAIRDANCE
  3888 | D:3      | Reached skill level 7 in Axes
  3940 | D:4      | Noticed a black bear
  3947 | D:4      | Reached skill level 3 in Fighting
  3953 | D:4      | HP: 7/37 [black bear (6)]
  3953 | D:4      | HP: 2/37 [black bear (5)]
  3953 | D:4      | Slain by a black bear

Levels and vault maps discovered:
D:1:      amcnicky_arrival_feature_with_door, layout_loops_ring,
          shapermc_ecumenical_altar_mp_ritualfount
D:2:      layout_loops_corners, serial_shops, shop, minmay_tetromino_s4,
          uniq_natasha
D:3:      layout_loops_ring, uniq_sigmund
D:4:      layout_gridville, serial_shops, shop, grunt_decor_mini_mirrors,
          uniq_menkaure, uniq_robin, uniq_grinder

Skill      XL: |  1  2  3  4  5  6 |
---------------+-------------------+-----
Axes           | 3 4 6 7 |  7.0
Armour         | 2 |  2.0
Fighting       | 3 |  3.1
Throwing       | |  1.0
Dodging        | |  2.1
Spellcasting   | |  2.0
Translocations | |  2.4

Action                   |  1- 3 |  4- 6 || total
-------------------------+-------+-------++-------
Melee: Hand axe          |    73 |    88 ||   161
       Kick              |    21 |    25 ||    46
       Peck              |     9 |    17 ||    26
       Punch             |     1 |       ||     1
Throw: Boomerang         |     7 |     9 ||    16
  Use: Scroll            |     5 |     3 ||     8
       Potion            |     1 |     2 ||     3
Armor: Leather armour    |     6 |       ||     6
       Scale mail        |    11 |     6 ||    17
       Chain mail        |       |    48 ||    48
Dodge: Dodged            |    31 |    45 ||    76

Table legend:
 A = Non-vault XP
 B = Vault XP
 C = Vault XP percentage of total XP
 D = Non-vault monster count
 E = Vault monster count
 F = Vault count percentage of total count
                 A         B        C        D         E       F
            +---------+---------+-------+---------+---------+-------
      Total |     277 |     288 |  51.0 |      62 |      15 |  19.5
            +---------+---------+-------+---------+---------+-------
        D:1 |      33 |       0 |   0.0 |      21 |       0 |   0.0
        D:2 |      36 |      37 |  50.7 |      14 |       2 |  12.5
        D:3 |      82 |     249 |  75.2 |      23 |      12 |  34.3
        D:4 |     126 |       2 |   1.6 |       4 |       1 |  20.0
            +---------+---------+-------+---------+---------+-------
